 Dungeon Crawl Stone Soup version 0.28.0-45-g0d030f2227 (webtiles) character file.

Game seed: 8018831342088567590

151 simples the Sneak (level 5, 0/20 (21) HPs)
             Began as a Felid Conjurer on May 15, 2022.
             Was an Initiate of Vehumet.
             Slain by a necrophage (3 damage)
             ... on level 5 of the Dungeon.
             The game lasted 00:10:32 (5375 turns).

simples the Sneak (Felid Conjurer)                  Turns: 5375, Time: 00:10:37

HP:   0/20 (21)     AC:  1    Str:  3    XL:     5   Next: 10%
MP:   2/10          EV: 19    Int: 21    God:    Vehumet [......]
Gold: 152           SH:  0    Dex: 15    Spells: 5/10 levels left
                                        Lives: 0   Deaths: 1

rFire   . . .      SeeInvis +   (weapon unavailable)
rCold   . . .      Faith    .   (shield unavailable)
rNeg    . . .      Spirit   .   (armour unavailable)
rPois   .          Reflect  .   (helmet unavailable)
rElec   .          Harm     .   (cloak unavailable)
rCorr   .          Rampage  .   (gloves unavailable)
Will    .....                   (boots unavailable)
Stlth   +++.......              f - amulet of regeneration
HPRegen 0.86/turn               (no ring)
MPRegen 0.12/turn               (no ring)

@: lightly drained, quick
A: very small, claws 1, fangs 3, see invisible, speed 1, shaggy fur 1, stealthy
paws, no weapons or thrown items, no armour, multi-lived
a: Renounce Religion


You were on level 5 of the Dungeon.
You worshipped Vehumet.
Vehumet was noncommittal.
You visited 2 branches of the dungeon, and saw 6 of its levels.

You collected 152 gold pieces.

Inventory:

Jewellery
 f - an amulet of regeneration (around neck)
 p - the ring of the Tortoise {AC+8}
   (You found it on level 5 of the Dungeon)

   [ring of protection]

   AC:        It affects your AC (+8).
Wands
 k - a wand of flame (16)
Scrolls
 c - a scroll of summoning
 g - a scroll of noise
 h - a scroll of teleportation
 i - a scroll of blinking {unknown}
 l - a scroll of enchant weapon {unknown}
 n - a scroll of amnesia {unknown}
 o - a scroll of magic mapping {unknown}
Potions
 a - a potion of curing
 b - a potion of resistance {unknown}
 d - a potion of degeneration {unknown}
 e - a potion of heal wounds {unknown}
 m - a potion of haste {unknown}


   Skills:
 + Level 4.7 Dodging
 + Level 5.0 Stealth
 + Level 3.3 Spellcasting
 + Level 4.5 Conjurations


You had 5 spell levels left.
You knew the following spells:

 Your Spells              Type           Power      Damage    Failure   Level
a - Magic Dart            Conj           88%        1d7       1%          1
b - Searing Ray           Conj           44%        2d6       3%          2
c - Ensorcelled Hibernat  Hex/Ice        6%         N/A       21%         2

Your spell library contained the following spells:

 Spells                   Type           Power      Damage    Failure   Level
 Dazzling Flash           Conj/Hex       26%        N/A       16%         3
 Passwall                 Tmut/Erth      2%         N/A       21%         2
 Swiftness                Air            3%         N/A       36%         3
 Fulminant Prism          Conj/Hex       6%         3d7       45%         4
 Iskenderun's Mystic Bla  Conj/Tloc      13%        2d5       45%         4


Dungeon Overview and Level Annotations

Branches:
Dungeon (5/15)             Temple (1/1) D:5

Altars:
Hepliaklqana
Kikubaaqudgha
Makhleb
Okawaru
Qazlal
Ru
Trog
Vehumet
Wu Jian

Shops:
D:2 :

Annotations:
D:3 exclusions: downstairs and 1 more exclusion, Sigmund
D:4 Pikel
D:5 Blork the orc


Innate Abilities, Weirdness & Mutations

You have sharp claws.
You have razor-sharp teeth.
You have supernaturally acute eyesight. (SInv)
You cover ground quickly. (Speed+)
You are covered in fur. (AC +1)
Your paws help you pounce on unaware monsters.
You are incapable of wielding weapons or throwing items.
You cannot wear armour.
You gain extra lives every three experience levels.


Message History

The necrophage closely misses you.
Your Stealth skill increases to level 5!
Welcome back to level 5!
Unknown command.
Without enough magic to sustain it, your searing ray dissipates.
The necrophage misses you.
Casting: Searing Ray (safe; 3% risk of failure)
Confirm with . or Enter, or press ? or * to list all spells.
You don't have enough magic to cast this spell.
Unknown command.
The necrophage closely misses you.
You scratch the necrophage but do no damage.
The necrophage is heavily damaged.
The necrophage completely misses you.
You scratch the necrophage. Your bite misses the necrophage.
The necrophage is severely damaged.
The necrophage closely misses you.
You scratch the necrophage.
The necrophage is severely damaged.
The necrophage hits you.
You scratch the necrophage.
The necrophage is almost destroyed.
The necrophage closely misses you.
You scratch the necrophage but do no damage.
You bite the necrophage.
The necrophage is almost destroyed.
The necrophage hits you!
You scratch the necrophage.
The necrophage is almost destroyed.
The necrophage misses you.
You scratch the necrophage but do no damage.
The necrophage is almost destroyed.
The necrophage hits you.
You scratch the necrophage but do no damage.
You bite the necrophage.
The necrophage is almost destroyed.
The necrophage hits you.
* * * LOW HITPOINT WARNING * * *
You feel drained.
You die...

##...Z.##..##
#=...J.)##'##
#$..8n.[##..##
?..F..$#....#
.....##....+
#o..##'#..##
+#'###..####
##..##....#
#..ZFn@...#
#...J##..##
##..######
#### # ## . #
###


You could see a necrophage, a bullfrog, a jelly and a hound skeleton.

Vanquished Creatures
  A necrophage (D:5)
  2 lemures (D:4)
  A bullfrog zombie (D:5)
  Robin (D:3)
  3 gnolls (D:5)
  3 adders
  A dart slug (D:2)
  2 orcs
  9 ball pythons
  5 bats
  An endoplasm (D:1)
  3 giant cockroaches
  17 goblins
  9 hobgoblins
  3 kobolds
  3 quokkas
  2 frilled lizards (D:1)
  7 rats
73 creatures vanquished.

Vanquished Creatures (others)
  A fungus (D:1)
  31 plants
32 creatures vanquished.

Grand Total: 105 creatures vanquished

Notes
Turn   | Place    | Note
-------+----------+-------------------------------------------
     0 | D:1      | simples the Felid Conjurer began the quest for the Orb.
     0 | D:1      | Reached XP level 1. HP: 7/7 MP: 4/4
   297 | D:1      | Reached skill level 3 in Stealth
   328 | D:1      | Reached XP level 2. HP: 11/11 MP: 1/6
   573 | D:1      | Learned a level 2 spell: Searing Ray
   680 | D:1      | Found a faded altar of an unknown god.
  1803 | D:2      | Reached XP level 3. HP: 14/14 MP: 2/7
  1869 | D:2      | Found Byegg's Book Shoppe.
  2476 | D:2      | You fall into a shaft and drop 1 floor!
  2670 | D:3      | Identified the +0 helmet "Tynyc" {rF+ MP+9}
  2670 | D:3      | Noticed Robin
  3158 | D:3      | Reached XP level 4. HP: 18/18 MP: 3/8
  3290 | D:3      | Killed Robin
  3431 | D:3      | Noticed Sigmund
  3625 | D:3      | Reached skill level 4 in Stealth
  4262 | D:4      | Noticed Pikel
  4262 | D:4      | Noticed a lemure
  4262 | D:4      | Noticed a lemure
  4275 | D:4      | Killed a lemure
  4362 | D:4      | Noticed a lemure
  4362 | D:4      | Noticed a lemure
  4554 | D:4      | Killed a lemure
  4726 | D:5      | Entered Level 5 of the Dungeon
  4791 | D:5      | Found a staircase to the Ecumenical Temple.
  4797 | D:5      | Found the ring of the Tortoise {AC+8}
  4800 | Temple   | Entered the Ecumenical Temple
  4915 | Temple   | Became a worshipper of Vehumet
  4975 | D:5      | Noticed a necrophage
  4992 | D:5      | Killed a necrophage
  4993 | D:5      | Reached XP level 5. HP: 16/21 MP: 2/10
  5014 | D:5      | Noticed an ice beast
  5235 | D:5      | Noticed Blork the orc
  5321 | Temple   | Learned a level 2 spell: Ensorcelled Hibernation
  5334 | D:5      | Slain by an adder
  5335 | D:5      | Reached XP level 4. HP: 0/18 MP: 9/9
  5352 | D:5      | Noticed a bullfrog
  5352 | D:5      | Noticed a necrophage
  5366 | D:5      | Reached skill level 5 in Stealth
  5366 | D:5      | Reached XP level 5. HP: 15/21 MP: 0/10
  5375 | D:5      | Slain by a necrophage

Illustrated notes

Levels and vault maps discovered:
D:1:      amcnicky_arrival_wind_blow, layout_loops_ring,
          shapermc_ecumenical_altar_acropolis
D:2:      layout_basic, serial_shops, nicolae_shop_trees
D:3:      cheibrodos_old_hovel, layout_loops_ring, uniq_sigmund, uniq_robin
D:4:      wad_woods_tower, layout_basic, grunt_decor_arrowhead, uniq_pikel
D:5:      minmay_bubble_buster, layout_loops_corners,
          minmay_temple_entry_statues_fountains, gup_sewer_entry_bubbles,
          nicolae_ossuary_entry_giza, uniq_blork_the_orc
Temple:   regret_index_temple_generic_petals

Skill      XL: |  1  2  3  4 |
---------------+-------------+-----
Stealth        | 3 5 |  5.0
Dodging        | 3 4 |  4.7
Conjurations   | 4 |  4.5
Spellcasting   | 3 |  3.3

Action                   |  1- 3 |  4- 6 || total
-------------------------+-------+-------++-------
Melee: Unarmed           |       |     9 ||     9
       Bite              |       |     2 ||     2
 Cast: Magic Dart        |    25 |     5 ||    30
       Searing Ray       |    33 |    30 ||    63
  Use: Potion            |       |     1 ||     1
       Scroll            |       |     3 ||     3
Armor: Skin              |     2 |     1 ||     3
Dodge: Dodged            |    16 |    49 ||    65
